AoeStats
← madmoldo-

Arabia

508282523Analyzed
3v3 RM · 11d ago on Sep 21, 2026· 45m 3s· 6 players
Game mode
Random Map
Map size
Normal (6 player)
Population
200
Speed
Normal
Resources
Standard
Victory
Conquest
Starting age
Dark Age
Ending age
Imperial Age
RankedLock teamsTeams togetherTeam positionsShared explorationLock speedFull tech treeHidden civsTurbo modeCheats
Victory
Defeat
🇩🇪 Sicilians · Germany
768
+13
🇨🇿 Khmer · Czechia
736
+14
🇧🇷 Saracens · Brazil
727
+14
🇲🇩 Malians · Moldova
809
-19
🇲🇩 Armenians · Moldova
653
-12
🇲🇩 Khmer · Moldova
607
-10
Yur1Janu4r10
2:35 Loom
19:03 Feudal Age
19:53 Double-Bit Axe
25:22 Castle Age
24:03 Gold Mining
24:07 Stone Mining
29:57 Bow Saw
38:42 Imperial Age
39:58 Crossbowman
41:14 Arbalester
43:26 Chemistry
42:47 Town Watch
44:12 Pikeman
Walls vs Zombies 2009
9:34 Feudal Age
10:30 Double-Bit Axe
11:02 Horse Collar
12:25 Loom
13:53 Wheelbarrow
18:41 Castle Age
17:39 Bloodlines
17:46 Gold Mining
18:40 Scale Barding Armor
19:13 Forging
21:10 Bow Saw
24:36 Chain Barding Armor
27:17 Husbandry
27:16 Town Watch
32:21 Iron Casting
32:20 Heavy Plow
32:56 Gold Shaft Mining
33:43 Hand Cart
33:42 Stone Mining
37:30 Imperial Age
36:27 Fletching
38:08 Fervor
37:36 Cavalier
38:52 Plate Barding Armor
38:19 Husbandry
39:21 Blast Furnace
39:54 Heavy Scorpion
40:32 Bodkin Arrow
42:34 Conscription
42:37 Guilds
42:35 Hauberk
43:05 Bracer
43:30 Ballistics
43:17 Siege Engineers
42:47 Light Cavalry
43:56 Scale Mail Armor
43:20 Pikeman
44:00 Squires
45:09 Hoardings
45:43 Chain Mail Armor
demo.01
10:37 Feudal Age
17:25 Castle Age
16:45 Double-Bit Axe
17:04 Horse Collar
18:42 Heavy Plow
no gamble no future
10:59 Feudal Age
11:29 Double-Bit Axe
15:58 Horse Collar
21:58 Castle Age
21:19 Forging
21:10 Scale Mail Armor
21:52 Loom
23:07 Gold Mining
24:13 Squires
25:18 Chain Mail Armor
25:38 Iron Casting
30:01 Heavy Plow
30:27 Pikeman
32:55 Bow Saw
37:03 Wheelbarrow
41:26 Gold Shaft Mining
42:11 Hand Cart
44:31 Imperial Age
appdata
0:36 Loom
11:35 Feudal Age
12:05 Double-Bit Axe
12:02 Man-at-Arms
12:30 Arson
13:25 Forging
13:38 Scale Mail Armor
14:57 Long Swordsman
29:26 Pikeman
37:57 Castle Age
43:23 Squires
madmoldo-
10:36 Feudal Age
11:55 Wheelbarrow
11:10 Double-Bit Axe
11:41 Horse Collar
19:04 Loom
19:49 Padded Archer Armor
19:41 Fletching
19:57 Scale Barding Armor
21:34 Forging
22:34 Gold Mining
22:39 Arson
30:04 Castle Age
28:15 Stone Mining
29:26 Scale Mail Armor
31:48 Leather Archer Armor
31:29 Bodkin Arrow
32:11 Iron Casting
Connection lost

Rejoining the realm…

Still unreachable

The connection could not be restored.

Session expired

The server has moved on; the page needs a fresh start.